 Dungeon Crawl Stone Soup version 0.30.0-5-g1a98f26d00 (webtiles) character file.

Game seed: 1467446902786765647

221233 xSliceyx the Tortoise (level 19, -44/118 (138) HPs)
             Began as a Djinni Hedge Wizard on May 8, 2023.
             Was a High Priest of Makhleb.
             Annihilated by a deep elf death mage
             ... wielding the +10 dark maul {heavy}
              (67 damage)
             ... on level 3 of the Elven Halls on May 11, 2023.
             The game lasted 03:49:51 (60569 turns).

xSliceyx the Tortoise (Djinni Hedge Wizard)        Turns: 60569, Time: 03:49:52

HP:   -44/118 (138) AC: 12    Str: 12      XL:     19   Next: 96%
Gold: 2977          EV: 19    Int: 22      God:    Makhleb [*****.] SH:  0 Dex: 12 (15)

rFire   + + .        H - staff of air
rCold   . . .        u - +0 buckler {AC+3}
rNeg    . . .        K - +2 robe {Will+}
rPois   ∞            S - +0 helmet
rElec   +            I - scarf {repulsion}
rCorr   .            D - +0 pair of gloves "Gaom" {Str+3}
SInv    .            (boots unavailable)
Will    ++...        o - amulet of reflection
Stlth   +            l - ring of protection from cold
HPRegen 0.39/turn    x - ring of wizardry
MPRegen 0.00/turn

%: repel missiles, reflection, wizardry (x1), infuse magic (-45 HP)
@: confused, ambrosia-drunk, flying, studying 2 skills, heavily drained
A: sickness immunity, fire resistance 2, cold vulnerability 1, float, innate
caster, HP casting, extra vitality 1
}: 1/15 runes: gossamer
a: Renounce Religion, Minor Destruction, Lesser Servant of Makhleb, Major
Destruction, Greater Servant of Makhleb


You were on level 3 of the Elven Halls.
You worshipped Makhleb.
Makhleb was extremely pleased with you.
You visited 6 branches of the dungeon, and saw 30 of its levels.
You also visited: Trove.

You collected 4679 gold pieces.
You spent 1702 gold pieces at shops.

Inventory:

Hand Weapons
 J - a +4 scimitar of flaming
Missiles
 R - a curare-tipped dart
Armour
 m - a +2 robe of cold resistance
 u - a +0 buckler of protection (worn)
 C - an orb of light
 D - the +0 pair of gloves "Gaom" (worn) {Str+3}
   (You found it on level 4 of the Spider Nest)

   Str:       It affects your strength (+3).
 I - a scarf of repulsion (worn)
 K - a +2 robe of willpower (worn)
 S - a +0 helmet (worn)
Magical Staves
 H - a staff of air (weapon)
Jewellery
 l - a ring of protection from cold (left hand)
 o - an amulet of reflection (around neck)
 r - a ring of resist corrosion
 x - a ring of wizardry (right hand)
 F - a +6 ring of dexterity
 N - an amulet of regeneration
Wands
 d - a wand of paralysis (4)
 p - a wand of roots (9)
 q - a wand of digging (1)
 E - a wand of flame (57)
 L - a wand of quicksilver (19)
Scrolls
 b - 4 scrolls of poison
 e - a scroll of enchant armour
 g - 2 scrolls of brand weapon
 s - 2 scrolls of magic mapping
 t - 3 scrolls of butterflies
 y - 4 scrolls of fear
 z - 2 scrolls of identify
 A - 2 scrolls of immolation
 B - 2 scrolls of blinking
 T - 5 scrolls of fog
Potions
 a - 10 potions of attraction
 c - 3 potions of magic {unknown}
 h - 5 potions of resistance
 j - 3 potions of mutation
 k - 8 potions of might
 v - 7 potions of degeneration {unknown}
 w - 4 potions of haste
 G - 3 potions of cancellation {unknown}
 M - 7 potions of ambrosia
 O - 2 potions of invisibility
 P - 5 potions of brilliance {unknown}
 Q - a potion of experience {unknown}
 V - 6 potions of lignification
Miscellaneous
 n - a phantom mirror (inert)
 U - a condenser vane
 W - a phial of floods (inert)


   Skills:
 - Level 13.0 Fighting
 * Level 19.7 Armour
 - Level 17.5 Dodging
 - Level 1.5 Stealth
 - Level 5.0 Shields
 + Level 13.8 Spellcasting
 - Level 8.0 Invocations


You knew the following spells:

 Your Spells              Type           Power      Damage    Failure   Level
a - Magic Dart            Conj           100%       1d8       0%          1
b - Slow                  Hex            100%       N/A       0%          1
c - Blink                 Tloc           100%       N/A       1%          2
d - Call Imp              Summ           100%       N/A       1%          2
e - Mephitic Cloud        Conj/Pois/Air  85%        N/A       1%          3
f - Sandblast             Erth           100%       2d20      0%          1
g - Passwall              Tmut/Erth      55%        N/A       1%          2
h - Vhi's Electric Charg  Tloc/Air       100%       N/A       1%          3
i - Gell's Gravitas       Tloc           66%        N/A       1%          3
j - Airstrike             Air            42%        2d(7-23)  1%          4
k - Fireball              Conj/Fire      33%        3d14      1%          5
l - Eringya's Noxious Bo  Tmut/Pois      33%        N/A       1%          6
m - Haunt                 Necr/Summ      33%        N/A       6%          7
n - Enfeeble              Hex            33%        N/A       6%          7
Your spell library was empty.

Dungeon Overview and Level Annotations

Branches:
Dungeon (15/15)            Temple (1/1) D:4            Lair (5/5) D:11
 Shoals (0/4) Lair:3       Spider (4/4) Lair:2          Orc (2/2) D:12
    Elf (3/3) Orc:2        Vaults (0/5) D:14         Depths (0/4) D:15
  Slime: Lair:4-5

Altars:
Ashenzari
Cheibriados
Dithmenos
Elyvilon
Fedhas
Gozag
Hepliaklqana
Makhleb
Nemelex Xobeh
Okawaru
Qazlal
Trog
Uskayaw
Wu Jian
Xom
The Shining One
Jiyva

Shops:
D:8 (   D:13 [*   Orc:2 =([!   Elf:2 [[*[(

Annotations:
D:9 5 runed translucent doors
D:14 2 transporters, Roxanne
Lair:2 2 transporters, GloriousHammer's ghost, journeyman TeEn
Lair:4 exclusion: 3 oklob plants
Elf:1 3 runed translucent doors, Hiliwumm's ghost, veteran MiGl


Innate Abilities, Weirdness & Mutations

You are immune to sickness and miasma.
You are immune to poison.
Your flesh is very heat resistant. (rF++)
You are vulnerable to cold. (rC-)
You float through the air rather than walking.
You learn spells naturally, not from books.
Your magical power is your life essence.
You have superior vitality. (+4 MHP)


Message History

You reach down and close the door.
You start resting.
Something unseen opens the door.
You start resting.
A deep elf death mage is nearby!
Aiming: Fastroot
Press: ? - help, Q - select action, (/) - cycle Shift-Dir - straight line, f - deep elf death mage
Aim: a deep elf death mage, wielding the +10 dark maul {heavy}, wearing a +1 leather armour of willpower and wearing a +6 ring of dexterity The roots erupt in riotous growth!
Roots grab the deep elf death mage.
The grasping roots constrict the deep elf death mage.
The deep elf death mage struggles to escape constriction.
Unknown command.
Aiming: Quicksilver Bolt
Press: ? - help, Q - select action, (/) - cycle Shift-Dir - straight line, f/p - deep elf death mage
Aim: a deep elf death mage, wielding the +10 dark maul {heavy}, wearing a +1 leather armour of willpower and wearing a +6 ring of dexterity (lightly wounded, constricted by roots, 100% to hit)
The bolt of dispelling energy hits the deep elf death mage!
The deep elf death mage is lightly wounded.
The grasping roots constrict the deep elf death mage.
The roots release their grip on the deep elf death mage.
The deep elf death mage casts a spell at you.
The bolt of negative energy hits you!!
You feel drained.
* * * LOW HITPOINT WARNING * * *
Aiming: Phantom Mirror
Press: ? - help, Q - select action, (/) - cycle Dir - move target, f/p - deep elf death mage
Aim: a deep elf death mage, wielding the +10 dark maul {heavy}, wearing a +1 leather armour of willpower and wearing a +6 ring of dexterity (moderately wounded)
You reflect the deep elf death mage with the mirror!
The mirror clouds!
Your deep elf death mage barely misses the deep elf death mage.
The deep elf death mage hits your deep elf death mage with the +10 dark maul {heavy}!!!
Your deep elf death mage dies!
Your deep elf death mage's corpse shimmers and vanishes!
You feel better.
You are confused.
You feel invigorated. The deep elf death mage misses you.
You're too confused to move!
The deep elf death mage hits you with the +10 dark maul {heavy}!!!
Ouch! That really hurt!
You die...

#.# ##.....##
#.........# #.#
##'#...##
##.......##
##+###.###.##
##.....## ##...#'##
### ##...##
##.....## ##<##
#.......###########
###
#.......+......'..##
#.......########e..#
##.....## #@..#
##...## #...# #####
#####


You could see a deep elf death mage.

Vanquished Creatures
  Saint Roka (Elf:3)
  Arachne (Spider:2)
  Rupert (D:14)
  3 deep elf blademasters
  A deep elf master archer (Elf:3)
  Agnes (D:14)
  Kirke (Spider:2)
  4 emperor scorpions
  3 deep elf sorcerers (Elf:3)
  4 deep elf elementalists (Elf:3)
  2 orc warlords
  3 ghost moths (Spider:4)
  A broodmother (Spider:4)
  3 deep elf demonologists (Elf:3)
  6 deep elf annihilators (Elf:3)
  4 spark wasps
  4 deep elf death magi (Elf:3)
  2 fire dragons
  Josephine (D:12)
  Snorg (D:14)
  5 entropy weavers
  2 deep elf high priests (Elf:3)
  Harold (D:9)
  3 ogre magi
  3 hydras
  An ice dragon (D:14)
  5 centaur warriors
  Erica (D:8)
  3 jorogumos
  6 two-headed ogres
  A death knight (D:15)
  Erolcha (Orc:2)
  A two-headed ogre (shapeshifter) (Elf:2)
  30 dancing weapons
  4 boulder beetles
  3 radroaches
  3 tengu warriors
  3 orc high priests
  Nergalle (Orc:2)
  4 skysharks
  10 deep elf knights
  3 skeletal warriors
  2 sun moths (Spider:4)
  5 pharaoh ants
  16 orb spiders
  5 deep elf archers
  A phantasmal warrior (D:15)
  19 deep elf pyromancers
  9 steelbarb worms
  19 wolf spiders
  13 ugly things
  4 orc knights
  An oklob plant (Lair:3)
  13 deep elf zephyrmancers
  11 orc sorcerers
  2 manticores
  6 moths of wrath
  Joseph (D:6)
  3 nameless horrors
  5 cyclopes
  4 black mambas
  9 demonic crawlers
  A black mamba (shapeshifter) (Elf:3)
  2 gargoyles
  6 torpor snails
  21 cane toads
  4 centaur skeletons (D:14)
  2 rime drakes
  Psyche (D:9)
  2 unseen horrors
  4 kobold demonologists
  A freezing wraith (D:15)
  6 komodo dragons
  3 efreet
  4 yaktaurs (D:14)
  A tengu conjurer (D:15)
  13 trolls
  6 meliai
  27 tarantellas
  4 hornets (Spider:4)
  A polar bear (Lair:2)
  2 tyrant leeches (Lair:5)
  19 blink frogs
  A culicivora (shapeshifter) (D:15)
  41 jumping spiders
  A shadow (D:9)
  2 vampires
  6 wraiths
  A centaur simulacrum (D:15)
  9 air elementals
  40 yaks
  18 culicivoras
  3 water elementals (Elf:1)
  5 wyverns
  A hog (Spider:2)
  A fire elemental (Elf:2)
  49 redbacks
  A basilisk (D:15)
  2 steam dragons (D:8)
  Grum (D:9)
  9 wargs
  8 vampire mosquitoes
  2 acid dragons
  7 water moccasins
  An ice beast (D:5)
  A sky beast (D:7)
  3 black bears
  30 orc warriors
  4 wolves
  9 ogres
  25 centaurs
  4 kobold brigands
  16 bullfrogs
  5 scorpions
  2 earth elementals
  3 wights (D:7)
  16 killer bees
  A vampire bat (D:13)
  3 electric eels
  2 howler monkeys
  6 jellies
  A gnoll bouda (D:10)
  19 orc priests
  Crazy Yiuf (D:2)
  3 hounds
  A sleepcap (D:6)
  An iguana (D:5)
  34 orc wizards
  4 gnolls (D:4)
  13 adders
  2 shadow imps (D:6)
  An ufetubus (D:5)
  6 worms
  A dart slug (D:5)
  68 orcs
  10 bats
  7 endoplasms
  6 giant cockroaches
  8 hobgoblins
  5 jackals
  8 quokkas
  8 ball pythons
  2 frilled lizards (D:1)
  7 goblins
  13 kobolds
  3 rats
990 creatures vanquished.

Vanquished Creatures (collateral kills)
  A deep elf master archer (Elf:3)
  A deep elf sorcerer (Elf:3)
  An emperor scorpion (Spider:3)
  2 broodmothers (Spider:3)
  A deep elf death mage (Elf:3)
  A jorogumo (Spider:3)
  2 radroaches (Spider:3)
  2 nameless horrors (Spider:3)
  A torpor snail (Spider:1)
  3 demonic crawlers (Spider:3)
  2 jumping spiders
  2 orc priests
  2 kobolds (D:7)
21 creatures vanquished.

Vanquished Creatures (others)
  A two-headed ogre (D:10)
  A human (Spider:2)
  A redback (Spider:1)
  An orc wizard (Orc:2)
4 creatures vanquished.

Grand Total: 1015 creatures vanquished

Notes
Turn   | Place    | Note
-------+----------+-------------------------------------------
     0 | D:1      | xSliceyx the Djinni Hedge Wizard began the quest for the
                  | Orb.
     0 | D:1      | xSliceyx set off with the following spells memorised: Magic
                  | Dart, Slow, Blink, Call Imp, Mephitic Cloud.
     0 | D:1      | Reached XP level 1. HP: 15/15 MP: 0/0
   143 | D:1      | Reached XP level 2. HP: 15/21 MP: 0/0
   656 | D:1      | Reached XP level 3. HP: 22/25 MP: 0/0
   656 | D:1      | Learned a level 1 spell: Sandblast
  1297 | D:2      | You are sucked into a shaft and drop 2 floors!
  1306 | D:4      | Reached XP level 4. HP: 27/31 MP: 0/0
  1665 | D:2      | Reached XP level 5. HP: 32/35 MP: 0/0
  1665 | D:2      | Learned a level 2 spell: Passwall
  1796 | D:2      | Found a runed translucent door.
  1797 | D:2      | Noticed Crazy Yiuf
  1909 | D:2      | Found a faded altar of an unknown god.
  2466 | D:4      | Reached XP level 6. HP: 14/40 MP: 0/0
  2467 | D:4      | Reached skill level 5 in Spellcasting
  2492 | D:4      | HP: 1/40 [orc priest/divine providence (14)]
  2824 | D:3      | Found a white marble altar of Elyvilon.
  3146 | D:4      | Reached XP level 7. HP: 38/45 MP: 0/0
  3146 | D:4      | Learned a level 3 spell: Vhi's Electric Charge
  3299 | D:4      | Found a staircase to the Ecumenical Temple.
  3313 | Temple   | Entered the Ecumenical Temple
  3352 | Temple   | Became a worshipper of Makhleb the Destroyer
  3465 | D:4      | Identified the +0 scale mail "Hohiolum" {Dex+4}
  3627 | D:5      | Entered Level 5 of the Dungeon
  3999 | D:5      | Reached XP level 8. HP: 46/50 MP: 0/0
  5022 | D:6      | Reached * piety under Makhleb
  5424 | D:6      | Reached XP level 9. HP: 53/55 MP: 0/0
  5424 | D:6      | Learned a level 3 spell: Gell's Gravitas
  5747 | D:7      | Noticed Joseph
  5761 | D:6      | Killed Joseph
  6560 | D:7      | Reached skill level 10 in Spellcasting
  7033 | D:7      | Reached skill level 1 in Fighting
  7158 | D:8      | Reached ** piety under Makhleb
  7159 | D:8      | Reached XP level 10. HP: 35/67 MP: 0/0
  7305 | D:8      | Noticed Erica
  7431 | D:8      | Found Epsemmue's Antique Weapon Boutique.
  7594 | D:8      | Found an opulent altar of Gozag.
  7598 | D:8      | Found a glowing golden altar of the Shining One.
  7872 | D:8      | Killed Erica
  8127 | D:9      | Noticed a two-headed ogre
  8178 | D:9      | Found a stormy altar of Qazlal.
  8233 | D:9      | Noticed Psyche
  8239 | D:9      | Killed Psyche
  8470 | D:9      | Found a blossoming altar of Fedhas.
  8553 | D:9      | Noticed Harold
  8734 | D:9      | Found a runed translucent gate.
  8736 | D:9      | Noticed a wolf spider
  8754 | D:9      | Found a hazy altar of Hepliaklqana.
  8755 | D:9      | Found a shimmering altar of Xom.
  8762 | D:9      | Found an ornate altar of the Wu Jian Council.
  8803 | D:9      | Reached skill level 5 in Dodging
  9025 | D:9      | Reached XP level 11. HP: 72/81 MP: 0/0
  9025 | D:9      | Learned a level 4 spell: Airstrike
  9233 | D:9      | Noticed Grum
  9235 | D:9      | Killed Grum
  9318 | D:9      | Killed Harold
  9640 | D:9      | Noticed a wolf spider
  9641 | D:9      | Noticed a wolf spider
  9641 | D:9      | Found a runed translucent door.
  9646 | D:9      | Found a runed translucent gate.
  9648 | D:9      | Found the +9 staff of Olgreb {rPois∞}
  9653 | D:9      | Found a runed translucent door.
  9739 | D:9      | Found a runed translucent gate.
  9739 | D:9      | Noticed a wolf spider
  9967 | D:9      | Killed a two-headed ogre
 10263 | D:10     | Entered Level 10 of the Dungeon
 10313 | D:10     | Noticed a two-headed ogre
 10322 | D:10     | Noticed a two-headed ogre
 10974 | D:10     | Killed a two-headed ogre
 10974 | D:10     | Killed a two-headed ogre
 10975 | D:10     | Reached skill level 10 in Dodging
 11668 | D:10     | Found a shadowy altar of Dithmenos.
 11770 | D:10     | Reached XP level 12. HP: 58/86 MP: 0/0
 12881 | D:11     | Noticed a two-headed ogre
 12886 | D:11     | Killed a two-headed ogre
 13100 | D:11     | Noticed a two-headed ogre
 13147 | D:11     | Reached *** piety under Makhleb
 13469 | D:11     | Killed a two-headed ogre
 13650 | D:11     | Found a staircase to the Lair.
 14278 | Lair:1   | Entered Level 1 of the Lair of Beasts
 14585 | Lair:1   | Reached skill level 15 in Dodging
 14657 | Lair:1   | Found a shimmering altar of Xom.
 15276 | Lair:1   | Reached XP level 13. HP: 77/92 MP: 0/0
 15276 | Lair:1   | Learned a level 5 spell: Fireball
 16269 | Lair:2   | Found a transporter.
 16270 | Lair:2   | Noticed GloriousHammer's ghost (journeyman TeEn)
 16307 | Lair:2   | Found a transporter.
 16469 | Lair:2   | Reached **** piety under Makhleb
 16641 | Lair:2   | Found a hole to the Spider Nest.
 17112 | Lair:3   | Found a staircase to the Shoals.
 18383 | Lair:4   | Noticed a seven-headed hydra
 18386 | Lair:4   | Killed a seven-headed hydra
 18387 | Lair:4   | Reached skill level 1 in Invocations
 18586 | Lair:4   | Identified the +0 robe of the Doldrums {Str+5}
 18784 | Lair:4   | Found a viscous altar of Jiyva.
 18961 | Lair:5   | Entered Level 5 of the Lair of Beasts
 19098 | Lair:5   | Reached skill level 5 in Invocations
 19400 | Lair:5   | Reached XP level 14. HP: 85/98 MP: 0/0
 19994 | Lair:5   | Reached ***** piety under Makhleb
 20638 | Lair:5   | Reached skill level 10 in Fighting
 21396 | D:2      | Killed Crazy Yiuf
 22314 | D:12     | Noticed Josephine
 22426 | D:12     | Killed Josephine
 23322 | D:12     | Found a staircase to the Orcish Mines.
 23788 | D:12     | Found a blossoming altar of Fedhas.
 24365 | Orc:1    | Entered Level 1 of the Orcish Mines
 24450 | Orc:1    | Noticed an orc warlord
 24817 | D:13     | Found Feruehuc's Antique Armour Emporium.
 25479 | D:13     | Found Qetasig's Assorted Antiques.
 26039 | D:14     | Found a transporter.
 26039 | D:14     | Found the crystal ball of Wucad Mu {*channel}
 26041 | D:14     | Noticed a tengu reaver
 26104 | D:14     | Reached XP level 15. HP: 64/113 MP: 0/0
 26104 | D:14     | Learned a level 6 spell: Eringya's Noxious Bog
 26264 | D:14     | Noticed Rupert
 26561 | Orc:1    | Killed an orc warlord
 27302 | Orc:2    | Entered Level 2 of the Orcish Mines
 28017 | Orc:2    | Found a staircase to the Elven Halls.
 28041 | Orc:2    | Noticed an orc warlord
 28058 | Orc:2    | Killed an orc warlord
 28457 | Orc:2    | Found Olikhili's Distillery.
 28492 | Orc:2    | Bought a potion of invisibility for 120 gold pieces
 28492 | Orc:2    | Bought a potion of lignification for 45 gold pieces
 28492 | Orc:2    | Bought a potion of curing for 45 gold pieces
 28492 | Orc:2    | Bought a potion of heal wounds for 75 gold pieces
 28492 | Orc:2    | Bought a potion of flight for 45 gold pieces
 28507 | Orc:2    | Noticed Nergalle
 28521 | Orc:2    | Killed Nergalle
 28667 | Orc:2    | Noticed Erolcha
 28673 | Orc:2    | Killed Erolcha
 28765 | Orc:2    | Found Kor Poss's Jewellery Emporium.
 28894 | Orc:2    | Found Fagaphi's Antique Weapon Shoppe.
 28902 | Orc:2    | Found Horuol's Antique Armour Emporium.
 28948 | Orc:2    | Bought an amulet of reflection for 480 gold pieces
 29152 | D:14     | Reached skill level 1 in Shields
 29371 | D:14     | Noticed Agnes
 29386 | D:14     | Killed Agnes
 29837 | D:14     | Found a portal to a secret trove of treasure.
 29841 | Trove    | Entered a treasure trove
 29846 | Trove    | Found the +8 orange crystal plate armour {Archmagi, Int+3
                  | Clar}
 29852 | Trove    | Identified the ring "Jevied" {Str+2 SInv}
 29854 | Trove    | Identified the +0 crystal plate armour of Hedging {rC+
                  | Will+ Dex+3}
 29979 | D:14     | Found a transporter.
 30061 | D:14     | Identified Roxanne's Lessons on Transition
 30061 | D:14     | Noticed Roxanne
 30466 | D:14     | Killed Rupert
 30818 | D:14     | Noticed Snorg
 31090 | D:14     | Killed Snorg
 31488 | D:14     | Found a gate to the Vaults.
 32211 | D:15     | Entered Level 15 of the Dungeon
 32222 | D:15     | Reached XP level 16. HP: 97/121 MP: 0/0
 32235 | D:14     | Reached skill level 5 in Shields
 34413 | D:15     | Reached skill level 1 in Armour
 34484 | D:15     | Found a staircase to the Depths.
 34552 | D:15     | Reached skill level 2 in Armour
 34886 | Spider:1 | Entered Level 1 of the Spider Nest
 34899 | Spider:1 | Reached skill level 3 in Armour
 35341 | Lair:2   | Reached skill level 4 in Armour
 35828 | Spider:1 | Reached skill level 5 in Armour
 36438 | Spider:1 | Reached skill level 6 in Armour
 36849 | Spider:1 | Reached skill level 7 in Armour
 37417 | Spider:1 | Noticed an emperor scorpion
 37641 | Spider:1 | Reached skill level 8 in Armour
 38220 | Spider:1 | Killed an emperor scorpion
 38830 | Spider:2 | Noticed Arachne
 38839 | Spider:2 | Reached skill level 9 in Armour
 39067 | Spider:1 | Reached XP level 17. HP: 72/126 MP: 0/0
 39067 | Spider:1 | Learned a level 7 spell: Haunt
 39357 | Spider:2 | Killed Arachne
 39364 | Spider:2 | Reached skill level 10 in Armour
 41027 | Spider:2 | Noticed Kirke
 41047 | Spider:2 | Killed Kirke
 41048 | Spider:2 | Reached skill level 11 in Armour
 42676 | Spider:3 | Reached skill level 12 in Armour
 44877 | Spider:3 | Reached skill level 13 in Armour
 45799 | Spider:4 | Entered Level 4 of the Spider Nest
 46359 | Spider:4 | Reached skill level 14 in Armour
 47189 | Spider:3 | Reached XP level 18. HP: 46/132 MP: 0/0
 48276 | Spider:4 | Reached skill level 15 in Armour
 49531 | Spider:4 | Reached skill level 16 in Armour
 50957 | Spider:4 | Identified the +0 pair of gloves "Gaom" {Str+3}
 50981 | Spider:4 | Got a gossamer rune of Zot
 51248 | Lair:1   | Identified a scroll of acquirement
 51251 | Lair:1   | Acquired a manual of Dodging
 51371 | Elf:1    | Entered Level 1 of the Elven Halls
 51872 | Elf:1    | Paralysed by an air elemental for 1 turns
 52223 | Elf:1    | Reached skill level 17 in Armour
 52460 | Elf:1    | Paralysed by an air elemental for 1 turns
 52645 | Elf:1    | Found a runed translucent gate.
 52645 | Elf:1    | Found a runed translucent gate.
 52647 | Elf:1    | Found a runed translucent gate.
 52648 | Elf:1    | Noticed Hiliwumm's ghost (veteran MiGl)
 52751 | Elf:1    | Found a viscous altar of Jiyva.
 52793 | Elf:2    | Found Guleats's Weapon Boutique.
 52921 | Elf:2    | Reached ****** piety under Makhleb
 53149 | Elf:2    | Found Ebbaa's Antique Armour Shoppe.
 53192 | Elf:2    | Bought a slimy chain mail for 304 gold pieces
 53192 | Elf:2    | Identified the +0 chain mail of the Morning Star {rElec
                  | Slay+6 SInv} (You bought it in a shop on level 2 of the
                  | Elven Halls)
 53204 | Elf:2    | Found Oprenukh's Armour Emporium.
 53214 | Elf:2    | Found Kiniefy's Assorted Antiques.
 53220 | Elf:2    | Found Ytann's Armour Shop.
 53469 | Elf:2    | Bought a glass wand for 92 gold pieces
 53469 | Elf:2    | Bought a scroll of fear for 92 gold pieces
 53469 | Elf:2    | Bought a scroll of immolation for 92 gold pieces
 53469 | Elf:2    | Bought a scroll of immolation for 92 gold pieces
 53469 | Elf:2    | Bought a wand of roots (4) for 220 gold pieces
 53565 | Elf:2    | Found a runed translucent gate.
 53565 | Elf:2    | Found a runed translucent gate.
 53565 | Elf:2    | Found a runed translucent gate.
 53712 | Elf:2    | Reached XP level 19. HP: 124/138 MP: 0/0
 53712 | Elf:2    | Learned a level 7 spell: Enfeeble
 53938 | Elf:2    | Reached skill level 18 in Armour
 55286 | Elf:2    | Noticed a deep elf blademaster
 55293 | Elf:2    | Killed a deep elf blademaster
 55665 | Elf:3    | Entered Level 3 of the Elven Halls
 56125 | Elf:3    | Noticed Saint Roka
 56197 | Elf:3    | Killed Saint Roka
 56583 | Elf:3    | Identified the +10 quarterstaff of Deflation {heavy, *Slow
                  | +Blink Will++}
 56594 | Elf:3    | Identified the +2 falchion "Ituaty" {flame, rPois rN+}
 56610 | Elf:3    | Paralysed by an air elemental for 1 turns
 56672 | Elf:3    | Paralysed by an air elemental for 1 turns
 57341 | Elf:3    | Reached skill level 19 in Armour
 57594 | Elf:3    | Noticed a deep elf blademaster
 57626 | Elf:3    | Killed a deep elf blademaster
 58182 | Elf:3    | Noticed a deep elf blademaster
 58669 | Elf:3    | Identified the +6 battleaxe "Mapp" {heavy, *Corrode Fragile
                  | rF+ Int+8}
 58686 | Elf:3    | Killed a deep elf blademaster
 58687 | Elf:3    | Paralysed by an air elemental for 1 turns
 59171 | Elf:3    | Identified the orb of the Grey Skies {*Rage, Str+3 Dex+3}
 59173 | Elf:3    | Noticed a Tzitzimitl
 59196 | Elf:3    | HP: 5/127 [deep elf death mage/bolt of negative energy
                  | (55)]
 60282 | Elf:3    | Noticed a Brimstone Fiend
 60489 | Elf:3    | HP: 5/131 [deep elf death mage/bolt of negative energy
                  | (35)]
 60513 | Elf:3    | HP: 3/125 [deep elf death mage/bolt of negative energy
                  | (28)]
 60564 | Elf:3    | HP: 1/118 [deep elf death mage/bolt of negative energy
                  | (33)]
 60569 | Elf:3    | Annihilated by a deep elf death mage

Illustrated notes

Levels and vault maps discovered:
D:1:      dpeg_arrival_shrine, layout_basic
D:2:      layout_loops_ring, dreamdust_ecumenical_altar_hidden_monk_grotto,
          uniq_crazy_yiuf_cottage
D:3:      layout_loops_ring, vehumet_crystals, elyvilon_altar_3
D:4:      layout_basic, minmay_temple_entry_hall
D:5:      layout_loops_ring, minmay_bent
D:6:      layout_basic
D:7:      cheibrodos_fertilizer, layout_loops_corners,
          minmay_misc_feat_diagonals, uniq_joseph
D:8:      layout_rooms, minitemple, serial_shops,
          nicolae_shop_tiny_real_fake_doors, uniq_erica
D:9:      layout_stronghold, mainiacjoe_overflow_paths,
          nicolae_qazlal_eye_of_the_storm, nicolae_overflow_hidden_temple,
          minmay_guarded_unrand_staff_of_olgreb, uniq_psyche, uniq_grum,
          uniq_harold
D:10:     layout_roguey, nicolae_dithmenos_shadow_blocks, evilmike_minifort
D:11:     layout_basic, erik_lair_orcish_takeover, minmay_checkerbox
D:12:     layout_loops_ring, orc_0_dummy, minmay_tree_intersection,
          fedhas_bush_and_centaur_altar, uniq_josephine
D:13:     layout_gridville, serial_shops, nicolae_shop_overgrown_old_shop, shop,
          roderic_batcave
D:14:     gammafunk_sealed_arena, layout_long_grid,
          hangedman_vaults_entry_quadrant_bands, trove_entry_hex_spiral,
          dreamdust_princess_bridge, minmay_misc_feat_tiny, uniq_agnes,
          uniq_roxanne, uniq_rupert, uniq_snorg
D:15:     grunt_enter_depths_hoard, layout_long_grid, lightli_minifort
Temple:   hellmonk_temple_two_chambers
Lair:1:   layout_regular_city, lemuel_centaur_altar, wad_woods_river_01
Lair:2:   layout_long_grid, nicolae_spider_entry_non_spiders,
          gammafunk_ghost_berserking_beasts, nzn_sisyphean_effort
Lair:3:   layout_loops_ring, minmay_shoals_entry_centaurs,
          infiniplex_staircase_pool_2
Lair:4:   layout_cave_shapes, minmay_slime_entry_oklob_enclosed
Lair:5:   minmay_lair_end_frog_pond, layout_layer_cave,
          infiniplex_staircase_pool, lemuel_fruit_tree
Spider:1: layout_spider_delve, guppyfry_spider_mini_3
Spider:2: layout_spider_delve, uniq_arachne, uniq_kirke
Spider:3: nicolae_spider_hilbert_zone_2 [nicolae_spider_hilbert_4_sides_1_open,
          nicolae_spider_hilbert_4_sides_1_open,
          nicolae_spider_hilbert_4_sides_1_open,
          nicolae_spider_hilbert_4_sides_1_open,
          nicolae_spider_hilbert_6_sides_1_open,
          nicolae_spider_hilbert_6_sides_1_open,
          nicolae_spider_hilbert_3_sides_1_open,
          nicolae_spider_hilbert_3_sides_1_open,
          nicolae_spider_hilbert_3_sides_1_open,
          nicolae_spider_hilbert_3_sides_1_open,
          nicolae_spider_hilbert_6_sides_1_open,
          nicolae_spider_hilbert_6_sides_1_open,
          nicolae_spider_hilbert_6_sides_1_open,
          nicolae_spider_hilbert_6_sides_1_open]
Spider:4: spider_rune_water
Orc:1:    orc_temple, layout_caves, nicolae_orc_sculptors_studio,
          hellmonk_bongcloud_opening
Orc:2:    kennysheep_orc_mage_school, layout_caves
Elf:1:    nicolae_elf_arrival_no_cutting_in_line, layout_geoelf_octagon,
          gammafunk_ghost_ooze, minivault_28
Elf:2:    nicolae_elf_blades_crystal_corner, layout_geoelf_octagon,
          serial_shops, shop, nicolae_shop_trees, shop, nicolae_shop_dealshenge,
          shop
Elf:3:    elf_hall, layout_geoelf_octagon, uniq_saint_roka

Skill      XL: |  1  2  3  4  5  6  7  8  9 10 11 12 13 14 15 16 17 18 19 |
---------------+----------------------------------------------------------+-----
Spellcasting   | 3 4 5 7 8 10 12 13 | 13.8
Fighting       | 3 8 12 13 | 13.0
Dodging        | 5 11 15 17 | 17.5
Invocations    | 6 8 |  8.0
Shields        | 4 5 |  5.0
Armour         | 9 14 17 19 | 19.7
Stealth        | |  1.5

Action                     |  1- 3 |  4- 6 |  7- 9 | 10-12 | 13-15 | 16-18 | 19-21 || total
---------------------------+-------+-------+-------+-------+-------+-------+-------++-------
  Melee: Short sword       |     2 |       |       |       |       |       |       ||     2
         Long sword        |       |       |     1 |       |       |       |       ||     1
         Staff             |       |       |       |       |       |     7 |     1 ||     8
  Throw: Dart              |       |       |       |       |       |       |     1 ||     1
   Cast: Magic Dart        |    65 |    81 |   138 |    54 |     2 |       |       ||   340
         Sandblast         |    10 |    38 |    82 |    71 |    25 |    32 |       ||   258
         Call Imp          |     1 |     3 |     2 |     1 |       |       |       ||     7
         Mephitic Cloud    |       |     4 |     9 |    22 |    16 |     6 |       ||    57
         Passwall          |       |     1 |       |       |       |       |       ||     1
         Slow              |       |       |    25 |    34 |    13 |    26 |     1 ||    99
         Blink             |       |       |     3 |    10 |    40 |   141 |    13 ||   207
         Vhi's Electric Ch |       |       |     1 |       |       |       |       ||     1
         Gell's Gravitas   |       |       |       |    33 |    43 |    22 |     5 ||   103
         Airstrike         |       |       |       |   159 |   669 |   841 |   255 ||  1924
         Fireball          |       |       |       |       |    43 |   130 |    26 ||   199
         Eringya's Noxious |       |       |       |       |     9 |    25 |     3 ||    37
         Haunt             |       |       |       |       |       |    43 |    11 ||    54
         Enfeeble          |       |       |       |       |       |       |    18 ||    18
 Invoke: Greater Servant o |       |       |       |       |       |       |     4 ||     4
  Evoke: Wand              |       |     1 |       |       |       |     2 |     5 ||     8
         Phial of floods   |       |       |       |       |       |     1 |     1 ||     2
         Condenser vane    |       |       |       |       |       |     1 |       ||     1
         Phantom mirror    |       |       |       |       |       |       |     1 ||     1
    Use: Potion            |       |     4 |       |     5 |     1 |    12 |    15 ||    37
         Scroll            |       |       |     6 |     6 |    11 |    23 |     7 ||    53
 Armour: Robe              |     2 |     2 |     6 |    11 |    24 |   131 |     8 ||   184
  Dodge: Dodged            |     4 |    18 |    26 |    45 |   182 |   460 |    48 ||   783
         Repelled          |       |       |       |       |       |     4 |     7 ||    11
  Block: Buckler           |       |       |       |       |     6 |   261 |    22 ||   289
         Other             |       |       |       |       |     4 |       |       ||     4
         Reflection        |       |       |       |       |     2 |     4 |     6 ||    12
         Orb               |       |       |       |       |       |     4 |       ||     4
